 Dungeon Crawl Stone Soup version 0.29-a0-393-g47a863cc1b (webtiles) character file.

Game seed: 11342204059131954368

692 HendSelp the Archer (level 7, -1/38 HPs)
             Began as a Deep Elf Hunter on May 10, 2022.
             Slain by an orc warrior
             ... wielding a +0 mace
              (12 damage)
             ... on level 7 of the Dungeon.
             The game lasted 00:04:19 (3556 turns).

HendSelp the Archer (Deep Elf Hunter)               Turns: 3556, Time: 00:04:19

Health: -1/38      AC:  6    Str: 14    XL:     7   Next: 36%
Magic:  9/9        EV: 13    Int: 14    God:
Gold:   139        SH:  0    Dex: 20    Spells: 6/6 levels left

rFire   + . .      SeeInvis +   a - +2 shortbow
rCold   . . .      Faith    .   (shield currently unavailable)
rNeg    . . .      Spirit   .   q - +0 leather armour {rF+}
rPois   .          Reflect  .   d - +1 helmet
rElec   .          Harm     .   (no cloak)
rCorr   .          Rampage  .   (no gloves)
Will    .....                   h - +0 pair of boots
Stlth   ++........              (no amulet)
HPRegen 0.12/turn               i - +6 ring of strength
MPRegen 0.11/turn               n - ring of see invisible

@: no status effects
A: no striking features
a: no special abilities


You were on level 7 of the Dungeon.
You visited 1 branch of the dungeon, and saw 6 of its levels.

You collected 139 gold pieces.

Inventory:

Hand Weapons
 a - a +2 shortbow (weapon)
Missiles
 f - a throwing net
Armour
 d - a +1 helmet (worn)
 h - a +0 pair of boots (worn)
 q - a +0 leather armour of fire resistance (worn)
Jewellery
 i - a +6 ring of strength (left hand)
 n - a ring of see invisible (right hand)
Wands
 o - a wand of acid (6)
Scrolls
 c - 2 scrolls of immolation
Potions
 b - a potion of mutation {unknown}
 e - 2 potions of ambrosia
 g - a potion of attraction
 j - a potion of resistance {unknown}
 k - a potion of flight {unknown}
 l - a potion of brilliance {unknown}
 m - a potion of berserk rage {unknown}


   Skills:
 - Level 1.5 Fighting
 + Level 11.5 Bows
 + Level 3.3 Dodging
 - Level 1.2 Stealth


You had 6 spell levels left.
You didn't know any spells.
Your spell library contained the following spells:

 Spells                   Type           Power      Damage    Failure   Level
 Corpse Rot               Necr/Air       0%         N/A       50%         2
 Poisonous Vapours        Pois/Air       0%         N/A       50%         2
 Ignite Poison            Fire/Tmut/Pois 0%         N/A       73%         3
 Mephitic Cloud           Conj/Pois/Air  0%         N/A       73%         3
 Tukima's Dance           Hex            0%         N/A       73%         3
 Passage of Golubria      Tloc           0%         N/A       98%         4
 Freezing Cloud           Conj/Ice/Air   0%         6-21      100%        5
 Yara's Violent Unravell  Hex/Tmut       0%         3d3       100%        5


Dungeon Overview and Level Annotations

Branches:
Dungeon (5/15)
 Temple: D:4-7

Altars:
Ashenzari
Hepliaklqana
Wu Jian
The Shining One


Message History

The orc warrior completely misses you. The orc barely misses you.
You shoot an arrow.
The arrow hits the orc warrior but does no damage.
The orc warrior is heavily wounded.
The orc warrior hits you with a +0 mace!
The orc closely misses you.
Unknown command.
You shoot an arrow. The arrow hits the orc warrior.
The orc warrior is severely wounded.
The orc warrior barely misses you. The orc closely misses you.
Unknown command.
You shoot an arrow.
The arrow barely misses the orc warrior.
The orc warrior hits you with a +0 mace!
* * * LOW HITPOINT WARNING * * *
The orc barely misses you.
Unknown command.
You are too injured to fight recklessly!
You are too injured to fight recklessly!
Unknown command.
Unknown command.
You are too injured to fight recklessly!
Unknown command.
The orc warrior attacks as you move away!
The orc warrior closely misses you.
Shoot: a) +2 shortbow
Press: ? - help, Q - select action, (/) - cycle Shift-Dir - straight line, f/p - orc warrior
Aim: an orc warrior, wielding a +0 mace and wearing a +0 chain mail (severely wounded, 66% to hit)
You shoot an arrow. The arrow hits the orc warrior!
The orc warrior is almost dead.
The orc warrior hits you but does no damage.
Unknown command.
Unknown command.
Shoot: a) +2 shortbow
Press: ? - help, Q - select action, (/) - cycle Shift-Dir - straight line, f/p - orc warrior
Aim: an orc warrior, wielding a +0 mace and wearing a +0 chain mail (almost dead, 66% to hit)
You shoot an arrow. The arrow hits the orc warrior.
The orc warrior is almost dead.
The orc warrior hits you with a +0 mace!
You die...

#.# #.# #.# #.#
####.# ....#####.#
#.oo.)...# #o# #@#
#.########.
#########
#..........
#.......#
#..#######.
#.....#.# #..#
###....>#.######..#
........#.........#
###.....#.#######.#
.)......#.#######.#


You could see an orc warrior and 2 orcs.

Vanquished Creatures
  Eustachio (D:5)
  An ogre (D:4)
  A scorpion (D:4)
  3 hounds
  3 iguanas (D:5)
  Robin (D:3)
  7 gnolls
  8 adders
  A worm (D:2)
  2 dart slugs (D:4)
  8 orcs
  6 ball pythons
  5 bats
  9 endoplasms
  5 giant cockroaches
  12 goblins
  7 hobgoblins
  3 jackals (D:3)
  2 quokkas (D:1)
  4 frilled lizards
  7 kobolds
  6 rats
102 creatures vanquished.

Notes
Turn   | Place    | Note
-------+----------+-------------------------------------------
     0 | D:1      | HendSelp the Deep Elf Hunter began the quest for the Orb.
     0 | D:1      | Reached XP level 1. HP: 12/12 MP: 3/3
   118 | D:1      | Reached XP level 2. HP: 16/16 MP: 4/4
   151 | D:1      | Reached skill level 6 in Bows
   240 | D:1      | Found a faded altar of an unknown god.
   419 | D:1      | Reached XP level 3. HP: 20/20 MP: 5/5
   679 | D:2      | Reached skill level 7 in Bows
   786 | D:2      | Reached XP level 4. HP: 22/25 MP: 6/6
   899 | D:2      | HP: 1/25 [gnoll/+0 halberd (7)]
   908 | D:2      | Reached skill level 8 in Bows
  1575 | D:3      | Found an ornate altar of the Wu Jian Council.
  1683 | D:3      | Reached XP level 5. HP: 29/29 MP: 7/7
  1747 | D:3      | Noticed Robin
  1754 | D:3      | Killed Robin
  2262 | D:4      | Reached skill level 9 in Bows
  2394 | D:4      | Found a glowing golden altar of the Shining One.
  2395 | D:4      | Found a broken altar of Ashenzari.
  2682 | D:4      | Reached XP level 6. HP: 34/34 MP: 8/8
  2697 | D:4      | Reached skill level 10 in Bows
  3131 | D:5      | Entered Level 5 of the Dungeon
  3212 | D:5      | Noticed Eustachio
  3231 | D:5      | Killed Eustachio
  3232 | D:5      | Reached skill level 11 in Bows
  3232 | D:5      | Reached XP level 7. HP: 20/38 MP: 9/9
  3407 | D:5      | Found a hazy altar of Hepliaklqana.
  3489 | D:5      | You fall into a shaft and drop 2 floors!
  3556 | D:7      | Slain by an orc warrior

Illustrated notes

Levels and vault maps discovered:
D:1:      dpeg_arrival_three_bigger_balls, layout_basic,
          ebering_ecumenical_altar_box
D:2:      layout_rooms
D:3:      layout_basic, mainiacjoe_overflow_surrounded_room, uniq_robin
D:4:      layout_gridville, chequers_temple_overflow_statue_of_worship
D:5:      layout_cave_pools, kennysheep_mini_moat, serial_park,
          serial_park_tiny_pond, serial_park_square1
          [serial_park_minivault_5x5_4], serial_park_square2,
          serial_park_tiny_2, uniq_eustachio
D:7:      layout_loops_ring

Skill      XL: |  1  2  3  4  5  6 |
---------------+-------------------+-----
Bows           | 6 7 8 9 11 | 11.5
Dodging        | 3 |  3.3
Fighting       | |  1.5
Stealth        | |  1.2

Action                   |  1- 3 |  4- 6 |  7- 9 || total
-------------------------+-------+-------+-------++-------
 Fire: Shortbow          |    82 |   170 |    38 ||   290
  Use: Scroll            |     3 |     7 |     2 ||    12
       Potion            |       |     3 |       ||     3
Armor: Leather armour    |     8 |    17 |     3 ||    28
Dodge: Dodged            |    19 |    57 |     8 ||    84

Table legend: (Time is in decaauts)
 A = Elapsed time spent in this place.
 B = Non-inter-level travel time spent in this place.
 C = Inter-level travel time spent in this place.
 D = Time resting spent in this place.
 E = Time spent auto-exploring this place.
 F = Levels seen in this place.
 G = Mean time per level.
                   A        B        C        D        E       F      G
               +--------+--------+--------+--------+--------+-----+--------+
         Total |   3584 |   3503 |     81 |    100 |   2867 |   6 |  597.3 |
       Dungeon |   3584 |   3503 |     81 |    100 |   2867 |   6 |  597.3 |
               +--------+--------+--------+--------+--------+-----+--------+

Top non-repeatable levels by time:
     D:4: 881 daAuts
     D:2: 835 daAuts
     D:3: 827 daAuts
     D:1: 616 daAuts
     D:5: 357 daAuts
     D:7: 65 daAuts
